[Event "48th Rilton Cup 2018"]
[Site "Stockholm"]
[Date "2019.01.03"]
[Round "7"]
[White "Hillarp Persson, Tiger"]
[Black "Gholami, Aryan"]
[Result "1-0"]
[ECO "A20"]
[WhiteElo "2546"]
[BlackElo "2488"]
[Annotator "ChessBase"]
[PlyCount "105"]
[EventDate "2018.12.27"]
[EventType "swiss"]
[EventCountry "SWE"]
[SourceTitle "playchess.com"]
[Source "ChessBase"]
[SourceQuality "1"]
[TimeControl "40/5400+30:1800+30"]

1. c4 e5 2. e3 Nf6 3. Nc3 Bb4 4. Nge2 c6 5. a3 Ba5 6. b4 Bc7 7. Bb2 O-O 8. Ng3 Re8 9. c5 d5 10. cxd6 Qxd6 11. Qc2 Nbd7 12. Rc1 Qe7 13. Be2 e4 14. O-O h5 15. f4 exf3 16. gxf3 Ne5 17. Kh1 Qe6 18. Nce4 Nxe4 19. Qxe4 Qh3 20. Rg1 h4 21. Nh5 Bg4 22. Nf4 Bxf3+ 23. Qxf3 Qxf3+ 24. Bxf3 Nxf3 25. Rxg7+ Kf8 26. Rf1 Be5 27. Bxe5 Nxe5 28. Nh5 Re6 29. d4 Rg6 30. Rfxf7+ Nxf7 31. Rxg6 Re8 32. Nf6 Rxe3 33. Rg8+ Ke7 34. Re8+ Kxf6 35. Rxe3 Nd6 36. Kg2 Kf5 37. Kf3 Nc4 38. Re7 Nxa3 39. Rxb7 Nc2 40. Rf7+ Kg5 41. Rxa7 Nxd4+ 42. Ke4 Nc2 43. Rg7+ Kh5 44. h3 Nxb4 45. Kf5 Kh6 46. Rc7 Nd5 47. Rxc6+ Kg7 48. Kg5 Ne7 49. Ra6 Kf7 50. Kxh4 Ng6+ 51. Kg5 Nf8 52. h4 Ne6+ 53. Rxe6 1-0

[Event "48th Rilton Cup 2018"]
[Site "Stockholm"]
[Date "2019.01.03"]
[Round "7"]
[White "Urkedal, Frode Olav Olsen"]
[Black "Moroni, Luca Jr"]
[Result "1/2-1/2"]
[ECO "D37"]
[WhiteElo "2537"]
[BlackElo "2564"]
[Annotator "ChessBase"]
[PlyCount "87"]
[EventDate "2018.12.27"]
[EventType "swiss"]
[EventCountry "SWE"]
[SourceTitle "playchess.com"]
[Source "ChessBase"]
[SourceQuality "1"]
[TimeControl "40/5400+30:1800+30"]

1. d4 d5 2. c4 e6 3. Nc3 Be7 4. Nf3 Nf6 5. Bf4 O-O 6. e3 Nbd7 7. c5 b6 8. c6 Nb8 9. Qa4 Nh5 10. Be5 f6 11. Bg3 Nxg3 12. hxg3 Qd6 13. Bd3 f5 14. Ne5 Bf6 15. Rc1 a5 16. a3 Bxe5 17. Nb5 Qe7 18. dxe5 Ba6 19. g4 Bxb5 20. Qxb5 Na6 21. gxf5 Nc5 22. fxe6 g6 23. O-O Rad8 24. Bb1 d4 25. exd4 Rxd4 26. Rc4 Rd2 27. Rc2 Rd4 28. Ba2 Kh8 29. Qe2 Rfd8 30. f4 Nxe6 31. f5 gxf5 32. Rxf5 Nf4 33. Qg4 Ng6 34. Qg3 Rd1+ 35. Kh2 Ra1 36. Bf7 Rd4 37. Rc4 Rxc4 38. Bxc4 Qc5 39. Qc3 Qg1+ 40. Kg3 Rc1 41. Qd2 Rxc4 42. Qd8+ Kg7 43. Qf6+ Kh6 44. Qg5+ 1/2-1/2

[Event "48th Rilton Cup 2018"]
[Site "Stockholm"]
[Date "2019.01.03"]
[Round "7"]
[White "Thybo, Jesper Sondergaard"]
[Black "Karthikeyan, Murali"]
[Result "0-1"]
[ECO "E97"]
[WhiteElo "2519"]
[BlackElo "2591"]
[Annotator "ChessBase"]
[PlyCount "84"]
[EventDate "2018.12.27"]
[EventType "swiss"]
[EventCountry "SWE"]
[SourceTitle "playchess.com"]
[Source "ChessBase"]
[SourceQuality "1"]
[TimeControl "40/5400+30:1800+30"]

1. d4 Nf6 2. c4 g6 3. Nc3 Bg7 4. e4 d6 5. Nf3 O-O 6. Be2 e5 7. O-O Nc6 8. d5 Ne7 9. b4 Nh5 10. g3 f5 11. Ng5 Nf6 12. Bf3 Rb8 13. Ba3 h6 14. Ne6 Bxe6 15. dxe6 Qc8 16. Nd5 Qxe6 17. Nxc7 Qd7 18. Nb5 fxe4 19. Bg2 Nf5 20. Re1 Rbc8 21. Nc3 e3 22. fxe3 Rxc4 23. Qb3 Qf7 24. b5 e4 25. Rac1 Re8 26. Nd5 Rxc1 27. Nxf6+ Bxf6 28. Qxf7+ Kxf7 29. Rxc1 Bd8 30. Rc8 d5 31. Bc1 Bg5 32. Rxe8 Kxe8 33. Kf2 h5 34. Ke2 Nd6 35. a4 Nc4 36. Bd2 Kf7 37. Bh3 b6 38. Bc1 Kf6 39. Bc8 d4 40. Bb7 d3+ 41. Ke1 Ke5 42. Bd2 Bxe3 0-1

[Event "48th Rilton Cup 2018"]
[Site "Stockholm"]
[Date "2019.01.03"]
[Round "7"]
[White "Yeoh, Li Tian"]
[Black "Santos Latasa, Jaime"]
[Result "1/2-1/2"]
[ECO "C03"]
[WhiteElo "2508"]
[BlackElo "2584"]
[Annotator "ChessBase"]
[PlyCount "54"]
[EventDate "2018.12.27"]
[EventType "swiss"]
[EventCountry "SWE"]
[SourceTitle "playchess.com"]
[Source "ChessBase"]
[SourceQuality "1"]
[TimeControl "40/5400+30:1800+30"]

1. e4 e6 2. d4 d5 3. Nd2 Be7 4. Ngf3 Nf6 5. Bd3 c5 6. c3 cxd4 7. cxd4 dxe4 8. Nxe4 Bd7 9. Nc3 Bc6 10. O-O O-O 11. Ne5 Nbd7 12. Nxc6 bxc6 13. b3 Qa5 14. Ne4 Rfd8 15. Bb2 Rac8 16. Qc2 Ba3 17. Bc3 Bb4 18. Bb2 Ba3 19. Bc3 Bb4 20. Bb2 Nxe4 21. Bxe4 Nf6 22. Bf3 c5 23. Rac1 Qa6 24. Be2 Qb7 25. Bf3 Qa6 26. Be2 Qb7 27. Bf3 Qa6 1/2-1/2

[Event "48th Rilton Cup 2018"]
[Site "Stockholm"]
[Date "2019.01.03"]
[Round "7"]
[White "Zumsande, Martin"]
[Black "Bellia, Fabrizio"]
[Result "1/2-1/2"]
[ECO "C50"]
[WhiteElo "2490"]
[BlackElo "2458"]
[Annotator "ChessBase"]
[PlyCount "67"]
[EventDate "2018.12.27"]
[EventType "swiss"]
[EventCountry "SWE"]
[SourceTitle "playchess.com"]
[Source "ChessBase"]
[SourceQuality "1"]
[TimeControl "40/5400+30:1800+30"]

1. e4 e5 2. Nf3 Nc6 3. Bc4 Bc5 4. d3 Nf6 5. O-O d6 6. a4 a6 7. c3 Ba7 8. Re1 h6 9. Bb3 O-O 10. h3 Nh5 11. d4 Qf6 12. Nxe5 dxe5 13. Qxh5 exd4 14. e5 Qf5 15. Qxf5 Bxf5 16. Nd2 dxc3 17. bxc3 Rfe8 18. Nf3 Na5 19. Ba2 Rad8 20. Bf4 Be6 21. Bxe6 fxe6 22. Be3 Bxe3 23. Rxe3 Rd5 24. Kf1 Nc6 25. Rb1 b6 26. Re4 Red8 27. Rc4 Nxe5 28. Nxe5 Rxe5 29. Rxc7 Rd2 30. Re1 Rxe1+ 31. Kxe1 Ra2 32. Rc6 Rxa4 33. Rxb6 Kf7 34. Ke2 1/2-1/2

[Event "48th Rilton Cup 2018"]
[Site "Stockholm"]
[Date "2019.01.03"]
[Round "7"]
[White "Libiszewski, Fabien"]
[Black "Eggleston, David J"]
[Result "1/2-1/2"]
[ECO "A13"]
[WhiteElo "2481"]
[BlackElo "2397"]
[Annotator "ChessBase"]
[PlyCount "41"]
[EventDate "2018.12.27"]
[EventType "swiss"]
[EventCountry "SWE"]
[SourceTitle "playchess.com"]
[Source "ChessBase"]
[SourceQuality "1"]
[TimeControl "40/5400+30:1800+30"]

1. c4 e6 2. g3 d5 3. Bg2 Nf6 4. Nf3 Be7 5. d4 O-O 6. Nc3 dxc4 7. Ne5 c5 8. dxc5 Qxd1+ 9. Nxd1 Bxc5 10. Nc3 Nc6 11. Nxc4 e5 12. Be3 Bd4 13. Rd1 Be6 14. Bxc6 Bxc3+ 15. bxc3 Bxc4 16. Bxb7 Rab8 17. Bg2 Rb2 18. Rd2 Rb1+ 19. Rd1 Rb2 20. Rd2 Rb1+ 21. Rd1 1/2-1/2

[Event "48th Rilton Cup 2018"]
[Site "Stockholm"]
[Date "2019.01.03"]
[Round "7"]
[White "Hauge, Lars Oskar"]
[Black "Pranav Anand"]
[Result "1-0"]
[ECO "C95"]
[WhiteElo "2466"]
[BlackElo "2274"]
[Annotator "ChessBase"]
[PlyCount "105"]
[EventDate "2018.12.27"]
[EventType "swiss"]
[EventCountry "SWE"]
[SourceTitle "playchess.com"]
[Source "ChessBase"]
[SourceQuality "1"]
[TimeControl "40/5400+30:1800+30"]

1. e4 e5 2. Nf3 Nc6 3. Bb5 a6 4. Ba4 Nf6 5. O-O Be7 6. Re1 b5 7. Bb3 d6 8. c3 O-O 9. h3 Nb8 10. d4 Nbd7 11. c4 c6 12. Nc3 b4 13. Ne2 Nxe4 14. Qc2 f5 15. c5+ d5 16. Be3 Bf6 17. dxe5 Nxe5 18. Nfd4 Bd7 19. f3 Nxc5 20. Nxc6 Nxb3 21. Nxd8 Nxa1 22. Rxa1 Raxd8 23. Bd4 Bb5 24. Kh1 Nc6 25. Bxf6 Rxf6 26. Nf4 g6 27. h4 Kf7 28. Re1 Rd7 29. Kg1 Rfd6 30. h5 Bc4 31. Qf2 g5 32. Qc2 Kf6 33. Nd3 Re7 34. Rxe7 Kxe7 35. Nc5 Rf6 36. Qd2 h6 37. b3 Bb5 38. Qxd5 Nd8 39. Qd4 Ne6 40. Qxb4 Nxc5 41. Qxc5+ Kf7 42. Kf2 f4 43. Qc7+ Ke6 44. a4 Be8 45. Qb7 Bxh5 46. Qxa6+ Ke7 47. Qb7+ Kd6 48. a5 Bf7 49. Qb6+ Ke7 50. Qc7+ Ke8 51. a6 Bxb3 52. a7 Bd5 53. Qe5+ 1-0

[Event "48th Rilton Cup 2018"]
[Site "Stockholm"]
[Date "2019.01.03"]
[Round "7"]
[White "Rakesh Kumar Jena"]
[Black "Debashis, Das"]
[Result "1/2-1/2"]
[ECO "A45"]
[WhiteElo "2398"]
[BlackElo "2544"]
[Annotator "ChessBase"]
[PlyCount "94"]
[EventDate "2018.12.27"]
[EventType "swiss"]
[EventCountry "SWE"]
[SourceTitle "playchess.com"]
[Source "ChessBase"]
[SourceQuality "1"]
[TimeControl "40/5400+30:1800+30"]

1. d4 Nf6 2. Bf4 e6 3. Nf3 c5 4. e3 d5 5. Nbd2 Nc6 6. c3 cxd4 7. exd4 Nh5 8. Be3 Bd6 9. Ne5 g6 10. f4 f6 11. Nd3 Ng7 12. g3 b6 13. Bg2 O-O 14. O-O Ba6 15. Nf3 Rc8 16. Re1 Re8 17. Bf2 Nf5 18. a3 Bb8 19. Nb4 Bb7 20. Nxc6 Bxc6 21. h4 Rc7 22. Bh3 Rg7 23. Qd3 Bd7 24. c4 Nd6 25. Nd2 Kh8 26. c5 Nf5 27. Rac1 g5 28. c6 Bc8 29. hxg5 fxg5 30. Bxf5 gxf4 31. c7 Bxc7 32. Rxc7 Qxc7 33. Bh3 fxg3 34. Be3 e5 35. Bg2 e4 36. Qb5 Qd7 37. Qxd7 Bxd7 38. Bf4 h5 39. Be5 h4 40. Bf6 Rf8 41. Bxh4 Rf4 42. Bd8 Rf2 43. Nf1 Kg8 44. b4 Bb5 45. Ne3 Rf8 46. Bh4 Rf4 47. Bd8 Rf8 1/2-1/2

[Event "48th Rilton Cup 2018"]
[Site "Stockholm"]
[Date "2019.01.03"]
[Round "7"]
[White "Soysal, Serkan"]
[Black "Sengupta, Deep"]
[Result "1/2-1/2"]
[ECO "A28"]
[WhiteElo "2398"]
[BlackElo "2565"]
[Annotator "ChessBase"]
[PlyCount "66"]
[EventDate "2018.12.27"]
[EventType "swiss"]
[EventCountry "SWE"]
[SourceTitle "playchess.com"]
[Source "ChessBase"]
[SourceQuality "1"]
[TimeControl "40/5400+30:1800+30"]

1. c4 e5 2. Nc3 Nf6 3. Nf3 Nc6 4. e3 Bb4 5. Qc2 Bxc3 6. Qxc3 Qe7 7. Be2 d5 8. O-O O-O 9. d4 exd4 10. Nxd4 Nxd4 11. Qxd4 c5 12. Qh4 dxc4 13. Bxc4 Be6 14. Bd2 Bxc4 15. Qxc4 Ne4 16. Bc3 Rfd8 17. Rad1 Rxd1 18. Rxd1 Rd8 19. Rd5 Nxc3 20. bxc3 g6 21. g3 Rxd5 22. Qxd5 b5 23. h4 h5 24. Qc6 Qe5 25. Qxb5 Qxc3 26. Qb8+ Kg7 27. Qxa7 c4 28. Qc5 Qd3 29. Qe5+ Kg8 30. Qe8+ Kg7 31. Qe5+ Kg8 32. Qe8+ Kg7 33. Qe5+ Kg8 1/2-1/2

[Event "48th Rilton Cup 2018"]
[Site "Stockholm"]
[Date "2019.01.03"]
[Round "7"]
[White "Vaishali R"]
[Black "Blomqvist, Erik"]
[Result "0-1"]
[ECO "B83"]
[WhiteElo "2354"]
[BlackElo "2497"]
[Annotator "ChessBase"]
[PlyCount "84"]
[EventDate "2018.12.27"]
[EventType "swiss"]
[EventCountry "SWE"]
[SourceTitle "playchess.com"]
[Source "ChessBase"]
[SourceQuality "1"]
[TimeControl "40/5400+30:1800+30"]

1. e4 c5 2. Nf3 e6 3. d4 cxd4 4. Nxd4 Nc6 5. Nc3 d6 6. Be2 Nf6 7. O-O Be7 8. Be3 O-O 9. f4 e5 10. fxe5 dxe5 11. Nf5 Bxf5 12. Rxf5 Rc8 13. Bd3 Nd7 14. Nd5 Bc5 15. Qd2 Ne7 16. Nxe7+ Qxe7 17. Raf1 g6 18. R5f2 a6 19. c3 Bxe3 20. Qxe3 Kg7 21. Bc2 Nc5 22. b4 Ne6 23. Bb3 h5 24. g3 h4 25. Bd5 b5 26. Kg2 Rc7 27. Rf3 f6 28. R3f2 hxg3 29. hxg3 Ng5 30. Rh1 Rfc8 31. Rc1 Qd7 32. Rh1 Rxc3 33. Qe2 Rh8 34. Rff1 Rxh1 35. Rxh1 Qc8 36. Bb3 Qd7 37. Bd5 Qa7 38. Rd1 Qc7 39. Rd2 Qc8 40. g4 Nh3 41. Qd1 Nf4+ 42. Kf2 Qh8 0-1

[Event "48th Rilton Cup 2018"]
[Site "Stockholm"]
[Date "2019.01.03"]
[Round "7"]
[White "Bellon Lopez, Juan Manuel"]
[Black "Lalith Babu M R"]
[Result "0-1"]
[ECO "A45"]
[WhiteElo "2349"]
[BlackElo "2529"]
[Annotator "ChessBase"]
[PlyCount "66"]
[EventDate "2018.12.27"]
[EventType "swiss"]
[EventCountry "SWE"]
[SourceTitle "playchess.com"]
[Source "ChessBase"]
[SourceQuality "1"]
[TimeControl "40/5400+30:1800+30"]

1. d4 Nf6 2. Bg5 c5 3. d5 Ne4 4. h4 Qb6 5. Nd2 Nxd2 6. Bxd2 Qxb2 7. e4 Qb6 8. Bc3 d6 9. Rb1 Qc7 10. h5 e5 11. f4 Nd7 12. f5 Nf6 13. Bb5+ Bd7 14. Qd3 a6 15. Bxd7+ Qxd7 16. Nf3 Be7 17. Nd2 b5 18. Ba5 h6 19. Qe2 O-O 20. a3 Bd8 21. Bxd8 Qxd8 22. Rb3 c4 23. Rg3 Qb6 24. Rh4 Rac8 25. Rhg4 Kh8 26. Rxg7 Qg1+ 27. Nf1 c3 28. Qf3 Qd4 29. R3g4 Nxg4 30. Rxg4 Rg8 31. Rxg8+ Rxg8 32. g4 f6 33. Qe3 Rxg4 0-1

[Event "48th Rilton Cup 2018"]
[Site "Stockholm"]
[Date "2019.01.04"]
[Round "8"]
[White "Lagarde, Maxime"]
[Black "Hillarp Persson, Tiger"]
[Result "0-1"]
[ECO "B42"]
[WhiteElo "2616"]
[BlackElo "2546"]
[Annotator "ChessBase"]
[PlyCount "86"]
[EventDate "2018.12.27"]
[EventType "swiss"]
[EventCountry "SWE"]
[SourceTitle "playchess.com"]
[Source "ChessBase"]
[SourceQuality "1"]
[TimeControl "40/5400+30:1800+30"]

1. e4 c5 2. Nf3 e6 3. d4 cxd4 4. Nxd4 a6 5. Bd3 Bc5 6. Nb3 Be7 7. Qg4 g6 8. Nc3 d6 9. Qe2 Nd7 10. O-O Qc7 11. Kh1 h5 12. a4 b6 13. f4 Ngf6 14. Bd2 Bb7 15. Rae1 h4 16. Kg1 h3 17. g3 Kf8 18. Nd4 Qc5 19. Be3 Qh5 20. Nf3 Ng4 21. Bd2 Nc5 22. Ng5 Kg7 23. Nd1 f6 24. Bc3 e5 25. Nf3 Nxa4 26. Bb4 Nc5 27. Nc3 Rhe8 28. f5 d5 29. Ba3 dxe4 30. Nxe4 Nxe4 31. Bxe4 Bxe4 32. Qxe4 gxf5 33. Qb7 Qf7 34. Bxe7 Qxe7 35. Qxb6 Rab8 36. Qxa6 Qc5+ 37. Kh1 Rxb2 38. Rd1 Rxc2 39. Rd7+ Re7 40. Qb7 Rxd7 41. Qxd7+ Kh6 42. Qd8 Qc8 43. Qd6 Qa8 0-1

[Event "48th Rilton Cup 2018"]
[Site "Stockholm"]
[Date "2019.01.04"]
[Round "8"]
[White "Karthikeyan, Murali"]
[Black "Valsecchi, Alessio"]
[Result "1/2-1/2"]
[ECO "B40"]
[WhiteElo "2591"]
[BlackElo "2497"]
[Annotator "ChessBase"]
[PlyCount "82"]
[EventDate "2018.12.27"]
[EventType "swiss"]
[EventCountry "SWE"]
[SourceTitle "playchess.com"]
[Source "ChessBase"]
[SourceQuality "1"]
[TimeControl "40/5400+30:1800+30"]

1. e4 c5 2. Nf3 e6 3. d4 cxd4 4. Nxd4 Nf6 5. Bd3 Nc6 6. Nxc6 bxc6 7. O-O d5 8. Nd2 Be7 9. e5 Nd7 10. Nf3 a5 11. Re1 Ba6 12. Nd4 Bxd3 13. cxd3 Qb6 14. Qg4 g6 15. Nf3 h5 16. Qg3 h4 17. Qg4 c5 18. Bg5 Qb4 19. d4 Bxg5 20. Qxg5 cxd4 21. Rad1 Rh5 22. Qc1 Rb8 23. b3 Qc3 24. Qf4 d3 25. Ng5 Kd8 26. Nf3 Ke8 27. Qe3 h3 28. Rxd3 Qc5 29. g4 Rh8 30. Nd4 Rc8 31. Qf4 Qb4 32. Kf1 Qb6 33. a4 Qb4 34. Rf3 Rh7 35. Qe3 Rc5 36. Nb5 Qxg4 37. Rg3 Qh4 38. Qd2 Qb4 39. Qg5 Qh4 40. Qd2 Qb4 41. Qg5 Qh4 1/2-1/2

[Event "48th Rilton Cup 2018"]
[Site "Stockholm"]
[Date "2019.01.04"]
[Round "8"]
[White "Santos Latasa, Jaime"]
[Black "Rakesh Kumar Jena"]
[Result "1-0"]
[ECO "A42"]
[WhiteElo "2584"]
[BlackElo "2398"]
[Annotator "RC"]
[PlyCount "93"]
[EventDate "2018.12.27"]
[EventType "swiss"]
[EventCountry "SWE"]
[SourceTitle "playchess.com"]
[Source "ChessBase"]
[SourceQuality "1"]
[TimeControl "40/5400+30:1800+30"]

1. e4 d6 2. d4 g6 3. c4 Bg7 4. Nc3 Nc6 5. d5 Ne5 6. Be2 Nf6 7. f4 Ned7 8. Nf3 O-O 9. O-O c6 10. Be3 cxd5 11. exd5 Ng4 12. Bd4 Bxd4+ 13. Qxd4 Qb6 14. b3 Ne3 15. Rfc1 Qxd4 16. Nxd4 Nf6 17. Bf3 Nf5 18. Nxf5 Bxf5 19. Re1 Rae8 20. Re3 Kg7 21. Rae1 Ng8 22. Nb5 Bd7 23. Nd4 Rc8 24. a4 Rfe8 25. Kf2 a6 26. g4 Rc7 27. g5 Rb8 28. Be2 Rf8 29. Kg3 h6 30. h4 Bc8 31. Bd3 f5 32. Bf1 h5 33. a5 e5 34. dxe6 Ne7 35. Rd1 d5 36. Re5 dxc4 37. Bxc4 Rd8 38. Kf2 Kf8 39. Ke1 Rd6 40. Rd2 b5 41. axb6 Rxb6 42. Kf2 Rd6 43. Ke3 Bb7 44. Nxf5 Rxd2 45. Nxe7 Rd1 46. Nxg6+ Ke8 47. Rf5 1-0

[Event "48th Rilton Cup 2018"]
[Site "Stockholm"]
[Date "2019.01.04"]
[Round "8"]
[White "Gopal G.N."]
[Black "Liang, Awonder"]
[Result "1/2-1/2"]
[ECO "C65"]
[WhiteElo "2582"]
[BlackElo "2589"]
[Annotator "ChessBase"]
[PlyCount "40"]
[EventDate "2018.12.27"]
[EventType "swiss"]
[EventCountry "SWE"]
[SourceTitle "playchess.com"]
[Source "ChessBase"]
[SourceQuality "1"]
[TimeControl "40/5400+30:1800+30"]

1. e4 e5 2. Nf3 Nc6 3. Bb5 Nf6 4. d3 Ne7 5. c3 c6 6. Ba4 Ng6 7. O-O Be7 8. Re1 O-O 9. h3 Re8 10. Bb3 Bf8 11. d4 d5 12. Bg5 dxe4 13. Rxe4 Bf5 14. Nxe5 Bxe4 15. Nxf7 Qc7 16. Nh6+ Kh8 17. Nf7+ Kg8 18. Nh6+ Kh8 19. Nf7+ Kg8 20. Nh6+ Kh8 1/2-1/2

[Event "48th Rilton Cup 2018"]
[Site "Stockholm"]
[Date "2019.01.04"]
[Round "8"]
[White "Sengupta, Deep"]
[Black "Hauge, Lars Oskar"]
[Result "1-0"]
[ECO "B84"]
[WhiteElo "2565"]
[BlackElo "2466"]
[Annotator "ChessBase"]
[PlyCount "49"]
[EventDate "2018.12.27"]
[EventType "swiss"]
[EventCountry "SWE"]
[SourceTitle "playchess.com"]
[Source "ChessBase"]
[SourceQuality "1"]
[TimeControl "40/5400+30:1800+30"]

1. e4 c5 2. Nf3 d6 3. d4 cxd4 4. Nxd4 Nf6 5. Nc3 a6 6. Be2 e6 7. O-O Be7 8. f4 Qc7 9. Kh1 Nc6 10. Be3 O-O 11. a4 Bd7 12. Nb3 Na5 13. e5 Ne8 14. Nxa5 Qxa5 15. Ne4 Qc7 16. a5 d5 17. Nd2 Bb5 18. Bxb5 axb5 19. Bb6 Qd7 20. Nb3 Nc7 21. Qd3 Na6 22. Nd4 Rac8 23. f5 exf5 24. Nxf5 g6 25. Qxd5 1-0

[Event "48th Rilton Cup 2018"]
[Site "Stockholm"]
[Date "2019.01.04"]
[Round "8"]
[White "Debashis, Das"]
[Black "Urkedal, Frode Olav Olsen"]
[Result "0-1"]
[ECO "E14"]
[WhiteElo "2544"]
[BlackElo "2537"]
[Annotator "ChessBase"]
[PlyCount "46"]
[EventDate "2018.12.27"]
[EventType "swiss"]
[EventCountry "SWE"]
[SourceTitle "playchess.com"]
[Source "ChessBase"]
[SourceQuality "1"]
[TimeControl "40/5400+30:1800+30"]

1. d4 Nf6 2. c4 e6 3. Nf3 b6 4. e3 Bb7 5. Bd3 d5 6. O-O Bd6 7. b3 O-O 8. Bb2 Nbd7 9. Nbd2 Ne4 10. Rc1 h6 11. cxd5 exd5 12. Ne5 c5 13. Nxe4 dxe4 14. Bc4 Nxe5 15. dxe5 Bc7 16. Qg4 Qg5 17. Qd7 Rac8 18. Rcd1 Qh5 19. g4 Qh4 20. Qf5 Rce8 21. Rd7 Bc8 22. Rfd1 Bxe5 23. Bxe5 Bxd7 0-1

[Event "48th Rilton Cup 2018"]
[Site "Stockholm"]
[Date "2019.01.04"]
[Round "8"]
[White "Lalith Babu M R"]
[Black "Donchenko, Alexander"]
[Result "1-0"]
[ECO "E07"]
[WhiteElo "2529"]
[BlackElo "2604"]
[Annotator "ChessBase"]
[PlyCount "69"]
[EventDate "2018.12.27"]
[EventType "swiss"]
[EventCountry "SWE"]
[SourceTitle "playchess.com"]
[Source "ChessBase"]
[SourceQuality "1"]
[TimeControl "40/5400+30:1800+30"]

1. d4 Nf6 2. Nf3 d5 3. c4 e6 4. g3 Be7 5. Bg2 O-O 6. O-O Nbd7 7. Nc3 dxc4 8. a4 c6 9. e4 e5 10. dxe5 Ng4 11. e6 fxe6 12. Bf4 Bf6 13. Qe2 Nge5 14. Nxe5 Nxe5 15. Rfd1 Nd3 16. e5 Be7 17. Be3 Qa5 18. f4 Bd7 19. Ne4 Rad8 20. b3 Nc5 21. Qxc4 Nxe4 22. Rxd7 Bc5 23. Qxe6+ Kh8 24. Bxe4 Bxe3+ 25. Kh1 Qb4 26. Bg2 Qc3 27. Rf1 Qb4 28. Rxd8 Rxd8 29. f5 Qf8 30. f6 gxf6 31. exf6 Bg5 32. f7 Qe7 33. Qf5 Kg7 34. Be4 Rh8 35. f8=Q+ 1-0

[Event "48th Rilton Cup 2018"]
[Site "Stockholm"]
[Date "2019.01.04"]
[Round "8"]
[White "Santos Ruiz, Miguel"]
[Black "Koykka, Pekka"]
[Result "1-0"]
[ECO "B13"]
[WhiteElo "2523"]
[BlackElo "2405"]
[Annotator "ChessBase"]
[PlyCount "97"]
[EventDate "2018.12.27"]
[EventType "swiss"]
[EventCountry "SWE"]
[SourceTitle "playchess.com"]
[Source "ChessBase"]
[SourceQuality "1"]
[TimeControl "40/5400+30:1800+30"]

1. e4 c6 2. d4 d5 3. exd5 cxd5 4. Bd3 Nc6 5. c3 Qc7 6. h3 Nf6 7. Nf3 g6 8. Qc2 Bg7 9. O-O O-O 10. Re1 Nd7 11. Be3 e5 12. dxe5 Ndxe5 13. Nbd2 Re8 14. Nxe5 Nxe5 15. Bd4 Bd7 16. Bf1 Ng4 17. hxg4 Bxd4 18. Nf3 Bb6 19. g5 Bg4 20. Nh2 Bf5 21. Qd2 Re4 22. Nf3 Qg3 23. Nd4 Qd6 24. g3 Rae8 25. Bg2 Rxe1+ 26. Rxe1 Rxe1+ 27. Qxe1 Bd7 28. Qe3 Kg7 29. Kh2 Bd8 30. Qd2 Bb6 31. Nc2 Be6 32. Nd4 Bd7 33. Kg1 Qe5 34. f4 Qd6 35. Kh2 Bc6 36. b4 Kf8 37. a3 Ke7 38. Nf3 Qe6 39. Ne5 Bc7 40. Bh3 Qd6 41. Qe3 Kf8 42. Qxa7 Qe7 43. Qd4 Kg8 44. Bg2 Qe6 45. a4 Bxa4 46. Bxd5 Qa6 47. Bxf7+ Kf8 48. Bc4 b5 49. Qd7 1-0

[Event "48th Rilton Cup 2018"]
[Site "Stockholm"]
[Date "2019.01.04"]
[Round "8"]
[White "Blomqvist, Erik"]
[Black "Gajewski, Grzegorz"]
[Result "0-1"]
[ECO "A06"]
[WhiteElo "2497"]
[BlackElo "2598"]
[Annotator "ChessBase"]
[PlyCount "54"]
[EventDate "2018.12.27"]
[EventType "swiss"]
[EventCountry "SWE"]
[SourceTitle "playchess.com"]
[Source "ChessBase"]
[SourceQuality "1"]
[TimeControl "40/5400+30:1800+30"]

1. Nf3 d5 2. g3 Nd7 3. Bg2 e5 4. d3 Ngf6 5. O-O c6 6. e4 dxe4 7. dxe4 Bc5 8. Qe2 O-O 9. a4 a5 10. Nbd2 b6 11. Nc4 Ba6 12. Bh3 Ne8 13. Rd1 Nd6 14. b3 Nf6 15. Be3 Nfxe4 16. Bxc5 Bxc4 17. bxc4 bxc5 18. Nxe5 Re8 19. f4 f6 20. Bf5 fxe5 21. Bxe4 exf4 22. Bxh7+ Kxh7 23. Qh5+ Kg8 24. Qg6 Qe7 25. Rxd6 Qe3+ 26. Kg2 Qe2+ 27. Kh3 Re5 0-1

[Event "48th Rilton Cup 2018"]
[Site "Stockholm"]
[Date "2019.01.04"]
[Round "8"]
[White "Salomon, Johan"]
[Black "Volkov, Sergey"]
[Result "0-1"]
[ECO "A06"]
[WhiteElo "2494"]
[BlackElo "2583"]
[Annotator "ChessBase"]
[PlyCount "82"]
[EventDate "2018.12.27"]
[EventType "swiss"]
[EventCountry "SWE"]
[SourceTitle "playchess.com"]
[Source "ChessBase"]
[SourceQuality "1"]
[TimeControl "40/5400+30:1800+30"]

1. Nf3 d5 2. g3 Nf6 3. Bg2 Bf5 4. O-O e6 5. d3 Be7 6. c4 c6 7. cxd5 exd5 8. Qb3 Qc8 9. e4 dxe4 10. Ng5 Bg6 11. dxe4 h6 12. e5 Nfd7 13. Nh3 Nc5 14. Qc3 O-O 15. Be3 Nba6 16. Nf4 Bf5 17. Nd2 Rd8 18. Nc4 Nd3 19. Rad1 Nab4 20. Nd6 Bxd6 21. exd6 Rxd6 22. Nh5 Qf8 23. Bc5 Nxa2 24. Qd2 Nxc5 25. Qxd6 Bg4 26. Qxf8+ Kxf8 27. Ra1 Nb4 28. Nf4 g5 29. h3 Bf5 30. g4 Bc2 31. Nh5 Nb3 32. Ra3 a5 33. Be4 Nd2 34. Bxc2 Nxf1 35. Bf5 Nd2 36. Nf6 Ke7 37. Nd7 Nc4 38. Rc3 Nxb2 39. Nb6 Ra6 40. Re3+ Kd6 41. Nc8+ Kc5 0-1

[Event "48th Rilton Cup 2018"]
[Site "Stockholm"]
[Date "2019.01.04"]
[Round "8"]
[White "Gholami, Aryan"]
[Black "Rohith Krishna S"]
[Result "1-0"]
[ECO "D02"]
[WhiteElo "2488"]
[BlackElo "2399"]
[Annotator "ChessBase"]
[PlyCount "115"]
[EventDate "2018.12.27"]
[EventType "swiss"]
[EventCountry "SWE"]
[SourceTitle "playchess.com"]
[Source "ChessBase"]
[SourceQuality "1"]
[TimeControl "40/5400+30:1800+30"]

1. Nf3 d5 2. d4 Nf6 3. Bf4 e6 4. e3 Bd6 5. Bd3 O-O 6. O-O b6 7. Ne5 Bb7 8. Qf3 Ne4 9. Qh3 f5 10. f3 Nf6 11. g4 fxg4 12. fxg4 Ne4 13. Nc3 Qe7 14. Nxe4 dxe4 15. Qg2 exd3 16. Qxb7 Nd7 17. Nxd3 Qh4 18. Bxd6 cxd6 19. Qe4 Qh6 20. Rf4 d5 21. Qg2 Qg5 22. Raf1 Rfc8 23. c3 Qg6 24. e4 Rf8 25. Rxf8+ Rxf8 26. Rxf8+ Nxf8 27. Ne5 Qg5 28. exd5 Qc1+ 29. Qf1 Qxf1+ 30. Kxf1 exd5 31. Nc6 Ng6 32. Nxa7 Ne7 33. Nb5 Kf7 34. Nc7 Kf6 35. Kf2 g6 36. Kg3 h6 37. a4 Kf7 38. b4 Nc8 39. Nxd5 Ke6 40. c4 Kd6 41. h4 Kc6 42. b5+ Kb7 43. c5 g5 44. hxg5 hxg5 45. Kf3 bxc5 46. dxc5 Kb8 47. Ke4 Kb7 48. Kf5 Kb8 49. Kxg5 Kb7 50. Kh4 Kb8 51. g5 Kb7 52. g6 Kb8 53. g7 Kb7 54. g8=Q Kb8 55. Qd8 Ka7 56. Qc7+ Ka8 57. Qxc8+ Ka7 58. b6# 1-0